Tricky Trev, chaotic male elven Wizard --- |..- |... |... |...-- -------------- ...| ---...@........| -.---.G..G------ - | --- |..r...<..| -- ..... --- -- ---.-.....--.-- .>...------- ..........-- | -- |.[........................%................-- ---------- --. | ---.......................................).................| |.................--- -- .-- ---------- .......----- --- | --.......|.......-- -- --- -.....----.....-- |.... --....| --..- |....| --- |...-- ----- Tricky Trev the Evoker Experience level: 2 Strength: 11 Dexterity: 12 Constitution: 15 Intelligence: 20 Wisdom: 8 Charisma: 9 Health: 0(20) Energy: 17(28) Def: 1 Gold: 296 Moves: 420 Dungeon seed: ejd-axS9JVMf74rj Game ID: Tricky Trev_1529590631 Your Inventory: Coins $ - 296 gold pieces Weapons a - a blessed +1 quarterstaff (weapon in hands) Armor e - an uncursed +0 cloak of magic resistance (being worn) Scrolls i - an uncursed scroll of enchant weapon j - 2 uncursed scrolls of scare monster k - an uncursed scroll of food detection p - an uncursed scroll of charging Spellbooks l - a blessed spellbook of force bolt m - an uncursed spellbook of cause fear s - an uncursed spellbook of drain life Potions h - an uncursed potion of paralysis Rings c - an uncursed ring of teleportation d - a blessed +1 ring of gain strength q - an uncursed ring of stealth Wands b - a wand of probing (0:5) Tools n - an uncursed wooden flute o - an uncursed figurine of a newt t - an uncursed wax candle (0:400) Spells and supernatural/magical abilities: Name Level Category Fail Memory a - force bolt 1 attack 0% 98% c - cause fear 3 enchantment 29% 98% D - drain life 2 attack 0% 99% W - pray for help -- divine ? -- Your skills at the end: Fighting Skills Weapon Skills quarterstaff [Basic] Spellcasting Skills attack spells [Basic] enchantment spells [Basic] Final Attributes: You were piously aligned. You were magic-protected. You saw invisible. You had infravision. You are dead. Vanquished creatures: a kitten a dwarf a coyote a hobbit a brown mold a yellow mold a red mold 2 gnomes 2 geckos a fox 2 bats 14 creatures vanquished. Voluntary challenges: You were an atheist. You used a wielded weapon 1 time, starting on turn 278. You read items or engraved 12 times, starting on turn 103. You never genocided any monsters. You never polymorphed an object. You never changed form. You used no wishes. You never split a pudding. You wrote Elbereth's name 5 times, starting on turn 370. You never violated your personal moral code. Dungeon overview: The Dungeons of Doom: levels 1 to 5 Level 1 a fountain a long staircase Level 2 Level 3 a fountain Level 4 a fountain stairs to The Gnomish Mines Level 5 The Gnomish Mines: Level 5 <- You were here stairs to The Dungeons of Doom History has recorded: On T:1 you entered the Dungeons of Doom to retrieve the Amulet of Yendor! On T:142 you reached level 2 of The Dungeons of Doom. On T:179 you reached level 3 of The Dungeons of Doom. On T:236 you reached level 4 of The Dungeons of Doom. On T:256 you reached level 5 of The Dungeons of Doom. On T:352 you reached level 1 of The Gnomish Mines. On T:386 you advanced to experience level 2. Score breakdown: Gold: 296 ( 8411 points) Experience: 2 levels ( 5570 points) Exploration: 5 levels ( 10.20%) ( 8660 points) Discoveries: 1 item ( 0.36%) ( 1805 points) Valuables value: (no points given unless you survive) Artifact value: 0 ( 0 points) Variety of kills: 11 monsters ( 2.89%) ( 5097 points) Turncount: 420 turns ( 0 points) Survival: died (score multiplied by 80%) Total score: 23634 Latest messages: There are a few objects here. A bear trap closes on your foot! You are caught in a bear trap. The gnome hits! You write in the dust with your fingers. You add to the writing in the dust with your fingers. The giant rat turns to flee! The gnome king picks up 3 daggers. The gnome turns to flee! You are caught in a bear trap. The gnome king throws a dagger! You are hit by a dagger. You are caught in a bear trap. The gnome king wields a thonged club! You are caught in a bear trap. The gnome king throws 2 daggers! You are hit by the 1st dagger. You are hit by the 2nd dagger. You are caught in a bear trap. The gnome king swings his thonged club. The gnome king hits! You die... Final status: Goodbye Tricky Trev the Wizard, killed by a gnome king... You died in The Gnomish Mines on dungeon level 5 with 23634 points, and 296 pieces of gold, after 420 moves. You were level 2 with a maximum of 20 hit points when you died.